SA
GRIM REAPERS @ KENNESAW JETS
08/29/2026
 
TOP OF THE 1ST
Grim Reapers batting - Pitching for Kennesaw Jets : RHP José López
Pitching: RHP José López
Batting: SHB Javier Vázquez 0-0: Called Strike
0-1: Ball
1-1: Ball
2-1: Ball
3-1: SINGLE (Groundball, 6MD)
Batting: RHB Tomás Costello 0-0: Ball
1-0: Swinging Strike
1-1: Foul Ball, location: 2F
1-2: Ball
2-2: SINGLE (Line Drive, 6D)
Javier Vázquez to second
Batting: SHB Marcos Roa 0-0: Ball
Javier Vázquez is caught stealing 3rd base
Tomás Costello to second
1-0: Foul Ball, location: 2F
1-1: Ball
2-1: Foul Ball, location: 2F
2-2: Strikes out swinging
Batting: RHB Dave Sienna 0-0: Called Strike
0-1: Foul Ball, location: 2F
0-2: Ball
1-2: Strikes out swinging
Top of the 1st over - 0 run(s), 2 hit(s), 0 error(s), 1 left on base; Grim 0 - Kennesaw 0
BOTTOM OF THE 1ST
Kennesaw Jets batting - Pitching for Grim Reapers : RHP Quinton Richards
Pitching: RHP Quinton Richards
Batting: RHB Héctor Amador 0-0: Called Strike
0-1: Foul Ball, location: 2F
0-2: Ball
1-2: Foul Ball, location: 2F
1-2: Ball
2-2: Foul Ball, location: 2F
2-2: Strikes out looking
Batting: RHB Omar Durán 0-0: Fly out, F6 (Line Drive, 6)
Batting: RHB Raúl Francisco 0-0: Foul Ball, location: 2F
0-1: Foul Ball, location: 2F
0-2: Ball
1-2: Ball
2-2: Fly out, F7 (Flyball, 7LMF)
Bottom of the 1st over - 0 run(s), 0 hit(s), 0 error(s), 0 left on base; Grim 0 - Kennesaw 0
TOP OF THE 2ND
Grim Reapers batting - Pitching for Kennesaw Jets : RHP José López
Batting: LHB Dante Aristizabal 0-0: Called Strike
0-1: Called Strike
0-2: Ball
1-2: Ball
2-2: Ball
3-2: Base on Balls
Batting: LHB Steve Costillo 0-0: Ground out 6-3 (Groundball, 6S)
Dante Aristizabal to second
Batting: RHB Guillermo Mata 0-0: Foul Ball, location: 2F
0-1: Foul Ball, location: 2F
0-2: Strikes out looking
Batting: RHB Tomás Duarte 0-0: Reached on error, E6 (Groundball, 6M)
Dante Aristizabal scores
Batting: RHB Mason Congdon 0-0: Called Strike
0-1: Swinging Strike
0-2: Ball
1-2: Strikes out swinging
Top of the 2nd over - 1 run(s), 0 hit(s), 1 error(s), 1 left on base; Grim 1 - Kennesaw 0
BOTTOM OF THE 2ND
Kennesaw Jets batting - Pitching for Grim Reapers : RHP Quinton Richards
Batting: RHB Vic Richards 0-0: Called Strike
0-1: Ball
1-1: Ball
2-1: Ball
3-1: Foul Ball, location: 2F
3-2: Foul Ball, location: 2F
3-2: Fly out, F8 (Line Drive, 8LM)
Batting: SHB Pat Sargent 0-0: Foul Ball, location: 2F
0-1: Foul Ball, location: 2F
0-2: Ball
1-2: Ball
2-2: Ball
3-2: Strikes out swinging
Batting: RHB Bernardo Martínez 0-0: Ground out 4-3 (Groundball, 4)
Bottom of the 2nd over - 0 run(s), 0 hit(s), 0 error(s), 0 left on base; Grim 1 - Kennesaw 0
TOP OF THE 3RD
Grim Reapers batting - Pitching for Kennesaw Jets : RHP José López
Batting: SHB Javier Vázquez 0-0: Called Strike
0-1: Swinging Strike
0-2: Foul Ball, location: 2F
0-2: Foul Ball, location: 2F
0-2: Ball
1-2: Ball
2-2: Strikes out swinging
Batting: RHB Tomás Costello 0-0: Ball
1-0: Swinging Strike
1-1: Ball
2-1: Swinging Strike
2-2: Foul Ball, location: 2F
2-2: Ball
3-2: Base on Balls
Batting: SHB Marcos Roa 0-0: Called Strike
0-1: Ball
1-1: Called Strike
Tomás Costello steals 2nd base
1-2: Strikes out swinging
Batting: RHB Dave Sienna 0-0: Called Strike
0-1: Ball
1-1: Ball
2-1: Called Strike
2-2: Fly out, F9 (Flyball, 9LS)
Top of the 3rd over - 0 run(s), 0 hit(s), 0 error(s), 1 left on base; Grim 1 - Kennesaw 0
BOTTOM OF THE 3RD
Kennesaw Jets batting - Pitching for Grim Reapers : RHP Quinton Richards
Batting: RHB Christopher Pabst 0-0: Swinging Strike
0-1: Foul Ball, location: 2F
0-2: Foul Ball, location: 2F
0-2: Strikes out swinging
Batting: RHB Gerardo Maldonado 0-0: Ball
1-0: Foul Ball, location: 2F
1-1: Ball
2-1: Called Strike
2-2: Strikes out looking
Batting: LHB Manuel Márquez 0-0: Ground out 1-3 (Groundball, 13S)
Bottom of the 3rd over - 0 run(s), 0 hit(s), 0 error(s), 0 left on base; Grim 1 - Kennesaw 0
TOP OF THE 4TH
Grim Reapers batting - Pitching for Kennesaw Jets : RHP José López
Batting: LHB Dante Aristizabal 0-0: Called Strike
0-1: Swinging Strike
0-2: Ball
1-2: SINGLE (Groundball, 4D)
Batting: LHB Steve Costillo 0-0: Foul Ball, location: 2F
0-1: Ground out 2-3 (Groundball, 15S)
Dante Aristizabal to second
Batting: RHB Guillermo Mata 0-0: Ball
1-0: Called Strike
1-1: Ball
2-1: Called Strike
2-2: Strikes out looking
Batting: RHB Tomás Duarte 0-0: Fly out, F8 (Flyball, 8LD)
Top of the 4th over - 0 run(s), 1 hit(s), 0 error(s), 1 left on base; Grim 1 - Kennesaw 0
BOTTOM OF THE 4TH
Kennesaw Jets batting - Pitching for Grim Reapers : RHP Quinton Richards
Batting: RHB Héctor Amador 0-0: Called Strike
0-1: Ball
1-1: Foul Ball, location: 2F
1-2: Ball
2-2: Strikes out looking
Batting: RHB Omar Durán 0-0: Ball
1-0: Foul Ball, location: 2F
1-1: Ball
2-1: SINGLE (Groundball, 56D)
Batting: RHB Raúl Francisco 0-0: Called Strike
0-1: Ball
1-1: Called Strike
1-2: Ball
2-2: Ball
Passed Ball!
Omar Durán to second
3-2: Ground out 6-3 (Groundball, 56)
Batting: RHB Vic Richards 0-0: Ball
1-0: 2-RUN HOME RUN (Flyball, 7D), Distance : 370 ft
Batting: SHB Pat Sargent 0-0: Ball
1-0: Called Strike
1-1: Fly out, F7 (Flyball, 7LSF)
Bottom of the 4th over - 2 run(s), 2 hit(s), 0 error(s), 0 left on base; Grim 1 - Kennesaw 2
TOP OF THE 5TH
Grim Reapers batting - Pitching for Kennesaw Jets : RHP José López
Batting: RHB Mason Congdon 0-0: Called Strike
0-1: Ball
1-1: Swinging Strike
1-2: Ball
2-2: Ball
3-2: Ground out 6-3 (Groundball, 6)
Batting: SHB Javier Vázquez 0-0: Called Strike
0-1: Ball
1-1: Ball
2-1: Ball
3-1: Called Strike
3-2: DOUBLE (Flyball, 7LM)
Batting: RHB Tomás Costello 0-0: Ball
Javier Vázquez steals 3rd base
1-0: Ball
2-0: Foul Ball, location: 2F
2-1: SINGLE (Flyball, 6MD)
Javier Vázquez scores
Batting: SHB Marcos Roa 0-0: Swinging Strike
0-1: Swinging Strike
0-2: Ball
1-2: Strikes out swinging
Batting: RHB Dave Sienna 0-0: Ball
1-0: Foul Ball, location: 2F
1-1: Swinging Strike
1-2: Fly out, F6 (Line Drive, 56)
Top of the 5th over - 1 run(s), 2 hit(s), 0 error(s), 1 left on base; Grim 2 - Kennesaw 2
BOTTOM OF THE 5TH
Kennesaw Jets batting - Pitching for Grim Reapers : RHP Quinton Richards
Batting: RHB Bernardo Martínez 0-0: Ball
1-0: DOUBLE (Line Drive, 7LM)
Batting: RHB Christopher Pabst 0-0: Ball
1-0: Foul Ball, location: 2F
1-1: Ball
2-1: Foul Ball, location: 2F
2-2: Strikes out looking
Batting: RHB Gerardo Maldonado 0-0: Called Strike
0-1: Ball
1-1: Ball
2-1: Foul Ball, location: 2F
2-2: SINGLE (Groundball, 2L) (infield hit)
Bernardo Martínez to third
Batting: LHB Manuel Márquez 0-0: Called Strike
0-1: Ball
1-1: Swinging Strike
1-2: Strikes out swinging
Batting: RHB Héctor Amador 0-0: Ball
Gerardo Maldonado is caught stealing 2nd base
Bottom of the 5th over - 0 run(s), 2 hit(s), 0 error(s), 0 left on base; Grim 2 - Kennesaw 2
TOP OF THE 6TH
Grim Reapers batting - Pitching for Kennesaw Jets : RHP José López
Batting: LHB Dante Aristizabal 0-0: Called Strike
0-1: Ball
1-1: Foul Ball, location: 2F
1-2: Strikes out swinging
Batting: LHB Steve Costillo 0-0: Ball
1-0: Swinging Strike
1-1: Ground out 4-3 (Groundball, 4MS)
Batting: RHB Guillermo Mata 0-0: Fly out, F9 (Flyball, 9S)
Top of the 6th over - 0 run(s), 0 hit(s), 0 error(s), 0 left on base; Grim 2 - Kennesaw 2
BOTTOM OF THE 6TH
Kennesaw Jets batting - Pitching for Grim Reapers : RHP Quinton Richards
Batting: RHB Héctor Amador 0-0: Called Strike
0-1: Foul Ball, location: 2F
0-2: Fly out, F3 (Flyball, 3D)
Batting: RHB Omar Durán 0-0: Called Strike
0-1: Swinging Strike
0-2: Ball
1-2: Foul Ball, location: 2F
1-2: DOUBLE (Line Drive, 9LS)
Batting: RHB Raúl Francisco 0-0: Intentional Walk
Batting: RHB Vic Richards 0-0: Ball
1-0: Foul Ball, location: 2F
1-1: Ball
2-1: Fielders Choice at 3rd, U5 (Groundball, 5L)
Raúl Francisco to second
Batting: SHB Pat Sargent 0-0: 3-RUN HOME RUN (Flyball, 9D), Distance : 336 ft
Batting: RHB Bernardo Martínez 0-0: Swinging Strike
0-1: Swinging Strike
0-2: Ball
1-2: Ball
2-2: Strikes out swinging
Bottom of the 6th over - 3 run(s), 2 hit(s), 0 error(s), 0 left on base; Grim 2 - Kennesaw 5
TOP OF THE 7TH
Grim Reapers batting - Pitching for Kennesaw Jets : RHP José López
Batting: RHB Tomás Duarte 0-0: Fly out, F7 (Flyball, 78S)
Batting: RHB Mason Congdon 0-0: Ball
1-0: Fly out, F9 (Flyball, 9S)
Batting: SHB Javier Vázquez 0-0: Ball
1-0: Ball
2-0: Called Strike
2-1: Fly out, F4 (Popup, 4S)
Top of the 7th over - 0 run(s), 0 hit(s), 0 error(s), 0 left on base; Grim 2 - Kennesaw 5
BOTTOM OF THE 7TH
Kennesaw Jets batting - Pitching for Grim Reapers : RHP Quinton Richards
Batting: RHB Christopher Pabst 0-0: Ball
1-0: Ball
2-0: SINGLE (Line Drive, 8RS)
Batting: RHB Gerardo Maldonado 0-0: Bunted foul
0-1: Ball
1-1: Sac Bunt - play at first, batter OUT! 5-4
Christopher Pabst to second
Batting: LHB Manuel Márquez 0-0: Swinging Strike
0-1: Foul Ball, location: 2F
0-2: Ball
1-2: Ball
2-2: Fly out, F7 (Flyball, 7LS)
Batting: RHB Héctor Amador 0-0: SINGLE (Groundball, 4MD)
Christopher Pabst to third
Runner from 3rd tries for Home, SAFE, throw made home
Héctor Amador to second
Pitching: LHP Steve Seabolt
Batting: RHB Omar Durán 0-0: Ball
1-0: Foul Ball, location: 2F
1-1: Ground out 1-3 (Groundball, P)
Bottom of the 7th over - 1 run(s), 2 hit(s), 0 error(s), 1 left on base; Grim 2 - Kennesaw 6
TOP OF THE 8TH
Grim Reapers batting - Pitching for Kennesaw Jets : RHP José López
Batting: RHB Tomás Costello 0-0: Ball
1-0: Called Strike
1-1: Ball
2-1: Foul Ball, location: 2F
2-2: Strikes out looking
Batting: SHB Marcos Roa 0-0: Foul Ball, location: 2F
0-1: Ball
1-1: Foul Ball, location: 2F
1-2: Ball
2-2: Ball
3-2: Fly out, F9 (Line Drive, 9)
Batting: RHB Dave Sienna 0-0: Foul Ball, location: 2F
0-1: Ball
1-1: Ball
2-1: Ground out 1-3 (Groundball, 15S)
Top of the 8th over - 0 run(s), 0 hit(s), 0 error(s), 0 left on base; Grim 2 - Kennesaw 6
BOTTOM OF THE 8TH
Kennesaw Jets batting - Pitching for Grim Reapers : LHP Steve Seabolt
Batting: RHB Raúl Francisco 0-0: Called Strike
0-1: Ball
1-1: Called Strike
1-2: Foul Ball, location: 2F
1-2: Ball
2-2: Foul Ball, location: 2F
2-2: Fly out, F8 (Line Drive, 78M)
Batting: RHB Vic Richards 0-0: Called Strike
0-1: Foul Ball, location: 2F
0-2: Ground out 6-3 (Groundball, 6)
Batting: SHB Pat Sargent 0-0: Ball
1-0: SINGLE (Groundball, 56D)
Batting: RHB Bernardo Martínez 0-0: Called Strike
0-1: Fielders Choice at 2nd, 6-4 (Groundball, 6)
Bottom of the 8th over - 0 run(s), 1 hit(s), 0 error(s), 0 left on base; Grim 2 - Kennesaw 6
TOP OF THE 9TH
Grim Reapers batting - Pitching for Kennesaw Jets : RHP José López
Pitching: RHP Jim Unknown
Batting: LHB Dante Aristizabal 0-0: Called Strike
0-1: Called Strike
0-2: Strikes out swinging
Batting: LHB Steve Costillo 0-0: Ball
1-0: Ball
2-0: Ball
3-0: Called Strike
3-1: Fly out, F8 (Line Drive, 8RM)
Batting: RHB Guillermo Mata 0-0: Ground out 6-3 (Groundball, 6)
Top of the 9th over - 0 run(s), 0 hit(s), 0 error(s), 0 left on base; Grim 2 - Kennesaw 6
Monday, March 20th, 2017 - OOTP Baseball 17.12 Build 75